AoeStats
← NOKU DOKTOR

Four Lakes

508444984Analyzed
1v1 RM · 9d ago on Sep 22, 2026· 28m 29s· 2 players
Game mode
Random Map
Map size
Tiny (2 player)
Population
200
Speed
Normal
Resources
Standard
Victory
Conquest
Starting age
Dark Age
Ending age
Imperial Age
RankedLock teamsTeams togetherTeam positionsShared explorationLock speedFull tech treeHidden civsTurbo modeCheats
Victory
Defeat
🇨🇴 Maya · Colombia
741
+18
🇪🇪 Maya · Estonia
793
-18
SAXES27
7:13 Loom
9:30 Feudal Age
12:48 Fletching
19:39 Padded Archer Armor
19:28 Fishing Lines
23:41 Castle Age
23:47 Crossbowman
24:25 Eagle Warrior
26:00 Ballistics
27:01 Bodkin Arrow
27:22 Leather Archer Armor
NOKU DOKTOR
0:27 Loom
2:53 Loom
11:02 Feudal Age
9:20 Loom
17:51 Fishing Lines
24:13 Horse Collar
25:28 Fishing Lines
26:14 Fletching
Connection lost

Rejoining the realm…

Still unreachable

The connection could not be restored.

Session expired

The server has moved on; the page needs a fresh start.